MID
WEST MICHIGAN WHITECAPS @ CLINTON LUMBERKINGS
09/10/2045
 
TOP OF THE 1ST
West Michigan Whitecaps batting - Pitching for Clinton LumberKings : LHP Chan-u Lee
Pitching: LHP Chan-u Lee
Batting: RHB Tanner Purchase 0-0: Ball
1-0: SOLO HOME RUN (Flyball, 7D, EV 97.5 MPH), Distance : 392 ft
Batting: SHB Sean Foley 0-0: Swinging Strike
0-1: Foul Ball, location: 2F
0-2: Strikes out looking
Batting: RHB Dan Becvar 0-0: Called Strike
0-1: Fly out, F3 (Line Drive, 3, EV 63.8 MPH)
Batting: SHB Ross Holland 0-0: Ground out 6-3 (Groundball, 6M, EV 106.9 MPH)
Top of the 1st over - 1 run, 1 hit, 0 errors, 0 left on base; West Michigan 1 - Clinton 0
BOTTOM OF THE 1ST
Clinton LumberKings batting - Pitching for West Michigan Whitecaps : LHP Edwin Pacheco
Pitching: LHP Edwin Pacheco
Batting: RHB Tomokazu Sugimoto 0-0: Foul Ball, location: 2F
0-1: Ball
1-1: Fly out, F9 (Flyball, 9S, EV 83.8 MPH)
Batting: RHB Micah Roth 0-0: Ball
1-0: Ball
2-0: Fly out, F8 (Line Drive, 8RD, EV 94.4 MPH)
Batting: SHB Jose Castillo 0-0: Called Strike
0-1: Swinging Strike
0-2: Ball
1-2: Fly out, F8 (Flyball, 8RD, EV 94.4 MPH)
Bottom of the 1st over - 0 runs, 0 hits, 0 errors, 0 left on base; West Michigan 1 - Clinton 0
TOP OF THE 2ND
West Michigan Whitecaps batting - Pitching for Clinton LumberKings : LHP Chan-u Lee
Batting: RHB Jordan Mejias 0-0: Called Strike
0-1: Ball
1-1: Foul Ball, location: 2F
1-2: Foul Ball, location: 2F
1-2: Ball
2-2: Strikes out swinging
Batting: RHB John Evancho 0-0: Bunt missed!
0-1: Ball
1-1: Foul Ball, location: 2F
1-2: Fly out, F9 (Flyball, 9, EV 86.2 MPH)
Batting: RHB Victor Reyes 0-0: Fly out, F8 (Flyball, 8RXD, EV 101.9 MPH)
Top of the 2nd over - 0 runs, 0 hits, 0 errors, 0 left on base; West Michigan 1 - Clinton 0
BOTTOM OF THE 2ND
Clinton LumberKings batting - Pitching for West Michigan Whitecaps : LHP Edwin Pacheco
Batting: RHB Joe Stading 0-0: Foul Ball, location: 2F
0-1: Ball
1-1: Ball
2-1: Swinging Strike
2-2: Strikes out swinging
Batting: LHB Justin Long 0-0: Called Strike
0-1: Ground out 6-3 (Groundball, 6, EV 79.4 MPH)
Batting: RHB Clay Statum 0-0: Called Strike
0-1: Swinging Strike
0-2: Ball
1-2: Ball
2-2: Strikes out swinging, 2-3 out at first.
Bottom of the 2nd over - 0 runs, 0 hits, 0 errors, 0 left on base; West Michigan 1 - Clinton 0
TOP OF THE 3RD
West Michigan Whitecaps batting - Pitching for Clinton LumberKings : LHP Chan-u Lee
Batting: LHB Oscar Gonzalez 0-0: Foul Ball, location: 2F
0-1: Foul Ball, location: 2F
0-2: Ball
1-2: Strikes out swinging
Batting: RHB Jordan Hall 0-0: Ball
1-0: Foul Ball, location: 2F
1-1: Ball
2-1: Swinging Strike
2-2: Strikes out swinging
Batting: RHB Tanner Purchase 0-0: Swinging Strike
0-1: Fly out, F8 (Flyball, 8LXD, EV 90.0 MPH)
Top of the 3rd over - 0 runs, 0 hits, 0 errors, 0 left on base; West Michigan 1 - Clinton 0
BOTTOM OF THE 3RD
Clinton LumberKings batting - Pitching for West Michigan Whitecaps : LHP Edwin Pacheco
Batting: SHB Raghnall Ahearne 0-0: Called Strike
0-1: Bunt missed!
0-2: Ground out 4-3 (Groundball, 4M, EV 85.6 MPH)
Batting: RHB Emmanuel Thomas 0-0: Ball
1-0: Ball
2-0: Foul Ball, location: 2F
2-1: Foul Ball, location: 2F
2-2: Foul Ball, location: 2F
2-2: Strikes out looking
Batting: LHB Chang Huie 0-0: Swinging Strike
0-1: Swinging Strike
0-2: Strikes out looking
Bottom of the 3rd over - 0 runs, 0 hits, 0 errors, 0 left on base; West Michigan 1 - Clinton 0
TOP OF THE 4TH
West Michigan Whitecaps batting - Pitching for Clinton LumberKings : LHP Chan-u Lee
Batting: SHB Sean Foley 0-0: Called Strike
0-1: Ball
1-1: Swinging Strike
1-2: Ball
2-2: Strikes out looking
Batting: RHB Dan Becvar 0-0: Ball
1-0: Called Strike
1-1: Ball
2-1: Swinging Strike
2-2: Ball
3-2: Strikes out swinging
Batting: SHB Ross Holland 0-0: Ball
1-0: Called Strike
1-1: Called Strike
1-2: Ball
2-2: Foul Ball, location: 2F
2-2: Foul Ball, location: 2F
2-2: Ball
3-2: Foul Ball, location: 2F
3-2: Base on Balls
Batting: RHB Jordan Mejias 0-0: Ball
1-0: Ball
2-0: Ball
3-0: Fly out, F7 (Flyball, 78S, EV 86.2 MPH)
Top of the 4th over - 0 runs, 0 hits, 0 errors, 1 left on base; West Michigan 1 - Clinton 0
BOTTOM OF THE 4TH
Clinton LumberKings batting - Pitching for West Michigan Whitecaps : LHP Edwin Pacheco
Batting: RHB Tomokazu Sugimoto 0-0: Ball
1-0: DOUBLE (Line Drive, 7LS, EV 101.9 MPH)
Batting: RHB Micah Roth 0-0: Called Strike
0-1: Ball
1-1: Ball
2-1: SINGLE (Groundball, 4D, EV 105.0 MPH)
Tomokazu Sugimoto to third
Runner from 3rd tries for Home, SAFE, throw by CF to home
Micah Roth to second
Batting: SHB Jose Castillo 0-0: Called Strike
0-1: Ball
1-1: Ball
2-1: SINGLE (Line Drive, 8LS, EV 111.9 MPH)
Micah Roth to third
Runner from 3rd tries for Home, SAFE, throw by CF to home
Batting: RHB Joe Stading 0-0: Ball
1-0: Ball
2-0: Ball
Jose Castillo is caught stealing 2nd base 2-4
3-0: Called Strike
3-1: Foul Ball, location: 2F
3-2: Fly out, F9 (Flyball, 9D, EV 78.1 MPH)
Batting: LHB Justin Long 0-0: Ball
1-0: Swinging Strike
1-1: Ball
2-1: Swinging Strike
2-2: Ball
3-2: Fly out, F9 (Flyball, 9S, EV 92.5 MPH)
Bottom of the 4th over - 2 runs, 3 hits, 0 errors, 0 left on base; West Michigan 1 - Clinton 2
TOP OF THE 5TH
West Michigan Whitecaps batting - Pitching for Clinton LumberKings : LHP Chan-u Lee
Batting: RHB John Evancho 0-0: Ball
1-0: Ground out 6-3 (Groundball, 6, EV 90.0 MPH)
Batting: RHB Victor Reyes 0-0: Called Strike
0-1: Ball
1-1: Swinging Strike
1-2: Foul Ball, location: 2F
1-2: Foul Ball, location: 2F
1-2: Strikes out swinging
Batting: LHB Oscar Gonzalez 0-0: Called Strike
0-1: Called Strike
0-2: Ball
1-2: Strikes out looking
Top of the 5th over - 0 runs, 0 hits, 0 errors, 0 left on base; West Michigan 1 - Clinton 2
BOTTOM OF THE 5TH
Clinton LumberKings batting - Pitching for West Michigan Whitecaps : LHP Edwin Pacheco
Batting: RHB Clay Statum 0-0: Foul Ball, location: 2F
0-1: Ball
1-1: Ball
2-1: Ball
3-1: Swinging Strike
3-2: Fly out, F8 (Line Drive, 8LM, EV 98.8 MPH)
Batting: SHB Raghnall Ahearne 0-0: Called Strike
0-1: Fly out, F8 (Line Drive, 8RM, EV 93.1 MPH)
Batting: RHB Emmanuel Thomas 0-0: Foul Ball, location: 2F
0-1: Ball
1-1: Swinging Strike
1-2: Ball
2-2: Foul Ball, location: 2F
2-2: Strikes out looking
Bottom of the 5th over - 0 runs, 0 hits, 0 errors, 0 left on base; West Michigan 1 - Clinton 2
TOP OF THE 6TH
West Michigan Whitecaps batting - Pitching for Clinton LumberKings : LHP Chan-u Lee
Batting: RHB Jordan Hall 0-0: Ball
1-0: Ground out 5-3 (Groundball, 5, EV 96.2 MPH)
Batting: RHB Tanner Purchase 0-0: Ball
1-0: Ground out 5-3 (Groundball, 56, EV 99.4 MPH)
Batting: SHB Sean Foley 0-0: Ground out 1-3 (Groundball, 15S, EV 63.8 MPH)
Top of the 6th over - 0 runs, 0 hits, 0 errors, 0 left on base; West Michigan 1 - Clinton 2
BOTTOM OF THE 6TH
Clinton LumberKings batting - Pitching for West Michigan Whitecaps : LHP Edwin Pacheco
Batting: LHB Chang Huie 0-0: Ball
1-0: TRIPLE (Line Drive, 9D, EV 101.2 MPH)
Batting: RHB Tomokazu Sugimoto 0-0: Called Strike
0-1: Ball
1-1: Foul Ball, location: 2F
1-2: Ground out 4-3 (Groundball, 4, EV 78.1 MPH)
Batting: RHB Micah Roth 0-0: Ball
1-0: Called Strike
1-1: Squeeze Bunt to P - play home, runner OUT, batter safe! 1-2
Batting: SHB Jose Castillo 0-0: Called Strike
0-1: Ball
1-1: Foul Ball, location: 2F
1-2: Strikes out looking
Bottom of the 6th over - 0 runs, 1 hit, 0 errors, 1 left on base; West Michigan 1 - Clinton 2
TOP OF THE 7TH
West Michigan Whitecaps batting - Pitching for Clinton LumberKings : LHP Chan-u Lee
Batting: RHB Dan Becvar 0-0: Ball
1-0: Ball
2-0: Foul Ball, location: 2F
2-1: Ground out 6-3 (Groundball, 6, EV 79.4 MPH)
Batting: SHB Ross Holland 0-0: Called Strike
0-1: Fly out, F2 (Popup, 25F, EV 83.8 MPH)
Batting: RHB Jordan Mejias 0-0: Ball
1-0: Ground out 3-1 (Groundball, 34S, EV 83.1 MPH)
Top of the 7th over - 0 runs, 0 hits, 0 errors, 0 left on base; West Michigan 1 - Clinton 2
BOTTOM OF THE 7TH
Clinton LumberKings batting - Pitching for West Michigan Whitecaps : LHP Edwin Pacheco
Pitching: RHP Matt Sturge
Batting: RHB Joe Stading 0-0: SINGLE (Line Drive, 4M, EV 93.8 MPH)
Batting: LHB Justin Long 0-0: Ball
1-0: Called Strike
1-1: Ball
2-1: Ball
3-1: Base on Balls
Joe Stading to second
Batting: RHB Clay Statum 0-0: Called Strike
0-1: Ball
1-1: Foul Ball, location: 2F
1-2: Ball
2-2: Foul Ball, location: 2F
2-2: Strikes out looking
Batting: SHB Raghnall Ahearne 0-0: Swinging Strike
0-1: Ball
1-1: Foul Ball, location: 2F
1-2: Foul Ball, location: 2F
1-2: Fly out, F8 (Flyball, 8RM, EV 91.9 MPH)
Batting: RHB Emmanuel Thomas 0-0: Ball
1-0: Ball
2-0: Called Strike
2-1: Called Strike
2-2: Ball
3-2: Strikes out swinging
Bottom of the 7th over - 0 runs, 1 hit, 0 errors, 2 left on base; West Michigan 1 - Clinton 2
TOP OF THE 8TH
West Michigan Whitecaps batting - Pitching for Clinton LumberKings : LHP Chan-u Lee
Batting: RHB John Evancho 0-0: Ball
1-0: Foul Ball, location: 2F
1-1: Foul Ball, location: 2F
1-2: Foul Ball, location: 2F
1-2: Ground out 4-3 (Groundball, 4S, EV 82.5 MPH)
Pitching: RHP Jamie Johnston
Pinch Hitting: SHB Jared Boyce 0-0: Called Strike
0-1: Hit by Pitch
Batting: LHB Oscar Gonzalez 0-0: Ball
1-0: Fielders Choice at 2nd, 1-4 (Groundball, 15S, EV 61.2 MPH)
Batting: RHB Jordan Hall 0-0: Ball
1-0: Called Strike
1-1: Swinging Strike
1-2: Ball
2-2: Strikes out swinging
Top of the 8th over - 0 runs, 0 hits, 0 errors, 1 left on base; West Michigan 1 - Clinton 2
BOTTOM OF THE 8TH
Clinton LumberKings batting - Pitching for West Michigan Whitecaps : RHP Matt Sturge
Pitching: RHP Dan Keener
Now at 2B: Jamie Bass
Now at SS: Sean Foley
Batting: LHB Chang Huie 0-0: Called Strike
0-1: Called Strike
0-2: Strikes out looking
Batting: RHB Tomokazu Sugimoto 0-0: Called Strike
0-1: Ball
1-1: Foul Ball, location: 2F
1-2: Ball
2-2: Ball
3-2: Strikes out swinging
Batting: RHB Micah Roth 0-0: Called Strike
0-1: Ball
1-1: Ground out 6-3 (Groundball, 6M, EV 81.2 MPH)
Bottom of the 8th over - 0 runs, 0 hits, 0 errors, 0 left on base; West Michigan 1 - Clinton 2
TOP OF THE 9TH
West Michigan Whitecaps batting - Pitching for Clinton LumberKings : RHP Jamie Johnston
Pitching: RHP Willie Sanchez
Batting: RHB Tanner Purchase 0-0: Swinging Strike
0-1: Ball
1-1: Swinging Strike
1-2: Ball
2-2: Strikes out swinging
Batting: SHB Sean Foley 0-0: Called Strike
0-1: Swinging Strike
0-2: Ball
1-2: Strikes out looking
Batting: RHB Dan Becvar 0-0: Called Strike
0-1: Swinging Strike
0-2: Foul Ball, location: 2F
0-2: Ground out 6-3 (Groundball, 56S, EV 87.5 MPH)
Top of the 9th over - 0 runs, 0 hits, 0 errors, 0 left on base; West Michigan 1 - Clinton 2
Wednesday, June 22nd , 2022 - OOTP Baseball 23.4 Build 64